 Dungeon Crawl Stone Soup version 0.17.1-1-g73c8601 (webtiles) character file.

93 Killerpretzel the Conjurer (level 4, -1/24 HPs)
             Began as a Deep Elf Conjurer on Dec 29, 2015.
             Slain by a crocodile (4 damage)
             ... in a sewer.
             The game lasted 00:07:07 (2356 turns).

Killerpretzel the Conjurer (Deep Elf Conjurer)      Turns: 2356, Time: 00:07:08

Health: -1/24      AC:  9    Str:  6    XL:     4   Next: 36%
Magic:  0/10       EV: 13    Int: 20    God:
Gold:   80         SH:  0    Dex: 15    Spells: 2 memorised, 6 levels left

rFire  . . .     SeeInvis .     e - +0 dagger (protect)
rCold  . . .     Clarity  .     a - +0 robe
rNeg   . . .     SustAt   .     (no shield)
rPois  .         Gourm    .     p - +2 hat
rElec  .         Spirit   .     (no cloak)
rCorr  .         Warding  .     (no gloves)
rMut   .         Stasis   .     (no boots)
MR     .....                    (no amulet)
Stlth  ++........               (no ring)
                                (no ring)

@: not resistant to hostile enchantments, unstealthy
A: no striking features
a: no special abilities


You were in a sewer.
You were not hungry.

You visited 1 branch of the dungeon, and saw 3 of its levels.
You also visited: Sewer.

You collected 80 gold pieces.

Inventory:

Hand Weapons
 e - a +0 dagger of protection (weapon)
 o - a +0 dagger of flaming
Armour
 a - a +0 robe (worn)
 p - a +2 hat (worn)
Scrolls
 f - a scroll of fear {unknown}
 i - a scroll of remove curse
 m - 2 scrolls of identify
Potions
 d - a potion of curing
 g - a potion of haste {unknown}
 h - a potion of lignification {unknown}
 j - a potion of mutation {unknown}
 k - a potion of ambrosia {unknown}
 l - a potion of heal wounds {unknown}
 q - a potion of cancellation {unknown}
Books
 b - a book of Conjurations

   Spells                             Type                      Level
   a - Magic Dart                     Conjuration                  1
   b - Searing Ray                    Conjuration                  2
   c - Dazzling Spray                 Conjuration/Hexes            3
   d - Fulminant Prism                Conjuration/Hexes            4
   e - Iskenderun's Mystic Blast      Conjuration                  4
   f - Iskenderun's Battlesphere      Conjuration/Charms           5
Comestibles
 c - a bread ration
 n - a meat ration
 r - 7 chunks of flesh


   Skills:
 - Level 2.4 Dodging
 - Level 2.4 Stealth
 - Level 3.0 Spellcasting
 + Level 6.4 Conjurations


You had 6 spell levels left.
You knew the following spells:

 Your Spells              Type           Power        Failure   Level  Hunger
a - Magic Dart            Conj           ####         1%          1    None
b - Searing Ray           Conj           ####..       1%          2    ##.....


Dungeon Overview and Level Annotations

Branches:
Dungeon (3/15)

Altars:
Nemelex Xobeh
Sif Muna
Xom
Yredelemnul


Message History

Press: ? - help, Shift-Dir - straight line, f/p - crocodile
Aim: a crocodile (almost dead)
The searing ray hits the crocodile.
The crocodile is almost dead.
* * * LOW MAGIC WARNING * * *
The crocodile barely misses you.
Without enough magic to sustain it, your searing ray dissipates.
The crocodile bites you but does no damage.
The crocodile bites you!
* * * LOW HITPOINT WARNING * * *
Casting: Searing Ray
Confirm with . or Enter, or press ? or * to list all spells.
Aiming: Magic Dart
Press: ? - help, Shift-Dir - straight line, f/p - crocodile
Aim: a crocodile (almost dead)
The magic dart hits the crocodile.
The crocodile is almost dead.
* * * LOW MAGIC WARNING * * *
The crocodile bites you.
You die...

.
....############
......t@........
....####.#######
. #.# #.# #.#
#.# #.# ##.##
##...##


You could see a crocodile.

Vanquished Creatures
  Terence (D:2)
  An adder (D:2)
  A river rat (D:3)
  A worm (D:2)
  4 giant geckos
  2 giant cockroaches
  2 hobgoblins (D:2)
  6 jackals
  7 kobolds
  A quokka (D:2)
  8 bats
  3 goblins (D:1)
  7 rats
44 creatures vanquished.

Notes
Turn   | Place    | Note
--------------------------------------------------------------
     0 | D:1      | Killerpretzel the Deep Elf Conjurer began the quest for the Orb.
     0 | D:1      | Reached XP level 1. HP: 10/10 MP: 6/6
   295 | D:1      | Reached XP level 2. HP: 15/15 MP: 5/8
   299 | D:1      | Learned a level 2 spell: Searing Ray
   480 | D:1      | Reached skill level 5 in Conjurations
   929 | D:2      | Found a sparkling altar of Nemelex Xobeh.
  1006 | D:2      | Found a deep blue altar of Sif Muna.
  1371 | D:2      | Noticed Terence
  1383 | D:2      | Killed Terence
  1383 | D:2      | Reached XP level 3. HP: 19/19 MP: 2/9
  1404 | D:2      | Reached skill level 6 in Conjurations
  1630 | D:2      | Reached XP level 4. HP: 24/24 MP: 8/10
  1699 | D:2      | Found a shimmering altar of Xom.
  1828 | D:2      | Found a basalt altar of Yredelemnul.
  2224 | D:3      | Found a glowing drain.
  2247 | Sewer    | Entered a sewer
  2345 | Sewer    | Noticed a crocodile
  2356 | Sewer    | Slain by a crocodile

Action                   |  1- 3 |  4- 6 || total
-------------------------+-------+-------++-------
Melee: Dagger            |    16 |       ||    16
 Cast: Magic Dart        |    54 |    30 ||    84
       Searing Ray       |     1 |     2 ||     3
  Use: Scroll            |     2 |       ||     2
  Eat: Chunk             |     2 |     2 ||     4
